 Dungeon Crawl Stone Soup version 0.25.1-2-g60ff931df9 (webtiles) character file.

Game seed: 8600291726199149176

603 someAlex the Covert (level 7, -8/52 HPs)
             Began as a Vampire Assassin on Oct 18, 2020.
             Was an Initiate of Dithmenos.
             Mangled by Menkaure (22 damage)
             ... on level 3 of the Dungeon.
             The game lasted 00:29:57 (4562 turns).

someAlex the Covert (Vampire Assassin)              Turns: 4562, Time: 00:29:58

Health: -8/52      AC: 11    Str: 11    XL:     7   Next: 18%
Magic:  7/7        EV: 13    Int: 13    God:    Dithmenos [......]
Gold:   151        SH:  0    Dex: 17    Spells: 6/6 levels left

rFire    . . .     SeeInvis +   m - +1 dagger (protect)
rCold    + . .     Gourm    .   (no shield)
rNeg     . . .     Faith    .   f - +0 leather armour
rPois    .         Spirit   .   (no helmet)
rElec    .         Reflect  .   c - +0 cloak
rCorr    .         Harm     .   (no gloves)
MR       .....                  (no boots)
Stlth    ++++......             (no amulet)
HPRegen  0.37/turn              l - ring of protection from cold
MPRegen  0.10/turn              (no ring)

@: protection aura, regenerating quickly
A: no food, fangs 3, see invisible, unbreathing
a: Exsanguinate, Renounce Religion


You were on level 3 of the Dungeon.
You worshipped Dithmenos.
Dithmenos was noncommittal.
You were alive.

You visited 2 branches of the dungeon, and saw 5 of its levels.

You collected 151 gold pieces.

Inventory:

Hand Weapons
 a - a +2 dagger
 m - a +1 dagger of protection (weapon)
Missiles
 d - 2 poisoned darts (quivered)
 e - a curare-tipped dart
Armour
 c - a +0 cloak (worn)
 f - a +0 leather armour (worn)
Jewellery
 l - a ring of protection from cold (left hand)
Scrolls
 j - a scroll of remove curse
 k - 4 scrolls of identify
Potions
 b - a potion of resistance {unknown}
 g - a potion of ambrosia {unknown}
 h - a potion of brilliance
 i - a potion of degeneration
 n - a potion of berserk rage {unknown}


   Skills:
 + Level 3.1 Fighting
 + Level 4.8 Short Blades
 + Level 2.2 Throwing
 + Level 1.6 Armour
 + Level 3.5 Dodging
 + Level 8.4 Stealth


You had 6 spell levels left.
You didn't know any spells.
Your spell library contained the following spells:

 Spells                   Type           Power        Failure   Level  Hunger
 Animate Skeleton         Necr           N/A          38%         1    N/A
 Apportation              Tloc           #.....       38%         1    N/A
 Corona                   Hex            #......      38%         1    N/A
 Summon Small Mammal      Summ           #...         38%         1    N/A

Dungeon Overview and Level Annotations

Branches:
Dungeon (4/15)             Temple (1/1) D:4

Altars:
Ashenzari
Dithmenos
Elyvilon
Makhleb
Nemelex Xobeh
Qazlal
Ru
Trog
Wu Jian
Xom
Yredelemnul

Annotations:
D:3 Menkaure


Innate Abilities, Weirdness & Mutations

You do not eat.
Your natural rate of healing is unusually fast.
You have razor-sharp teeth.
You have supernaturally acute eyesight. (SInv)
You can survive without breathing.


Message History

Menkaure hits you.
You climb upwards.
There is a stone staircase leading down here.
Throwing (i - inventory. (/) - cycle)
d - 4 poisoned darts (quivered)
Press: ? - help, Shift-Dir - straight line, f - Menkaure
Aim: Menkaure (fast)
You throw a poisoned dart. The poisoned dart hits Menkaure!
Menkaure hits you!!
Throwing (i - inventory. (/) - cycle)
d - 3 poisoned darts (quivered)
Press: ? - help, Shift-Dir - straight line, f/p - Menkaure
Aim: Menkaure (fast)
You throw a poisoned dart. The poisoned dart hits Menkaure!
Menkaure hits you!
* * * LOW HITPOINT WARNING * * *
Unknown command.
Okay, then.
You hit Menkaure.
Your weapon exudes an aura of protection.
Menkaure is lightly damaged.
Menkaure grins.
Menkaure hits you!!
You die...

###..#########.# #........#######
.........>.....#####.......##......
###..##..####........##.#####.#####
###..##....##.####......# #.# #
.....##.......# ##...### #.# #
#######.......# #...# #.# #
######........# #...#######.#####
....##...#.#..#####...##...........
....##...#.#.....@.............#.##
........†#.......M..........#....(.
....###.....................#.....#
....# ##.#.#.######...##.##........
....# #.....# #...##..........#
##########.### #...##.#####.#.##
#......# #...##........... #
#.###### #[..############# # #.#
##.......#


You could see Menkaure (fast).

Vanquished Creatures
  Sigmund (D:2)
  An ogre (D:4)
  A scorpion (D:3)
  A hound (D:4)
  Terence (D:2)
  10 gnolls
  7 adders
  4 worms
  2 dart slugs
  2 leopard geckos
  An orc (D:3)
  16 goblins
  9 hobgoblins
  5 jackals (D:2)
  8 kobolds
  2 quokkas
  A ball python (D:2)
  6 bats
  2 frilled lizards
  5 rats
85 creatures vanquished.

Notes
Turn   | Place    | Note
-------+----------+-------------------------------------------
     0 | D:1      | someAlex the Vampire Assassin began the quest for the Orb.
     0 | D:1      | Reached XP level 1. HP: 16/16 MP: 1/1
   243 | D:1      | Reached skill level 6 in Stealth
   274 | D:1      | Reached XP level 2. HP: 21/22 MP: 2/2
   731 | D:1      | Reached XP level 3. HP: 5/27 MP: 3/3
   930 | D:2      | Noticed Terence
   968 | D:2      | Killed Terence
   968 | D:2      | Reached skill level 7 in Stealth
  1080 | D:1      | Reached XP level 4. HP: 24/33 MP: 4/4
  1185 | D:2      | Found a white marble altar of Elyvilon.
  1713 | D:2      | Noticed Sigmund
  1840 | D:2      | Reached XP level 5. HP: 38/38 MP: 5/5
  2996 | D:3      | Reached skill level 8 in Stealth
  3152 | D:3      | Reached XP level 6. HP: 25/46 MP: 6/6
  3553 | D:2      | Killed Sigmund
  3553 | D:2      | Reached skill level 1 in Armour
  3808 | D:4      | Found a staircase to the Ecumenical Temple.
  3820 | D:4      | Noticed Menkaure
  3826 | Temple   | Entered the Ecumenical Temple
  3948 | Temple   | Became a worshipper of Dithmenos the Shadowed
  4374 | D:4      | Reached XP level 7. HP: 21/52 MP: 7/7
  4562 | D:3      | Mangled by Menkaure

Illustrated notes

Levels and vault maps discovered:
D:1:      dpeg_arrival_tiny_f, layout_loops_ring, minivault_19
D:2:      layout_loops_ring, elyvilon_altar_1, first_ration,
          minmay_tromino_mix6, uniq_sigmund, uniq_terence
D:3:      layout_loops_cross, glass_columns_b, minmay_goblin_outpost
D:4:      layout_layer_cave, temple_pool_b, nrook_mini_vaults, uniq_menkaure
Temple:   zaba_magenta_temple

Skill      XL: |  1  2  3  4  5  6 |
---------------+-------------------+-----
Stealth        | 6 7 8 |  8.4
Fighting       | 2 3 |  3.1
Short Blades   | 3 4 |  4.8
Dodging        | 2 3 |  3.5
Throwing       | 2 |  2.2
Armour         | 1 |  1.6

Action                   |  1- 3 |  4- 6 |  7- 9 || total
-------------------------+-------+-------+-------++-------
Melee: Dagger            |    89 |   347 |     5 ||   441
       Bite              |     8 |    37 |     1 ||    46
Throw: Dart              |     5 |    13 |     2 ||    20
  Use: Scroll            |     2 |     5 |       ||     7
       Potion            |     7 |     7 |       ||    14
 Stab: Sleeping          |     7 |     8 |       ||    15
       Distracted        |       |     1 |       ||     1
Armor: Robe              |     7 |    32 |       ||    39
       Leather armour    |       |    31 |     1 ||    32
Dodge: Dodged            |    41 |   173 |     1 ||   215
